 Dungeon Crawl Stone Soup version 0.30-a0-1066-g63dfefce0d (webtiles) character file.

Game seed: 2930702270485287254

2372 givingin the Cleaver (level 9, 0/118 HPs)
             Began as a Hill Orc Gladiator on Apr 12, 2023.
             Was an Initiate of Gozag.
             Slain by a killer bee (5 damage)
             ... on level 9 of the Dungeon.
             The game lasted 00:47:03 (6910 turns).

givingin the Cleaver (Hill Orc Gladiator)           Turns: 6910, Time: 00:47:05

Health: 0/118      AC: 24    Str: 21    XL:     9   Next: 45%
Magic:  9/9        EV:  2    Int:  8    God:    Gozag
Gold:   38         SH:  3    Dex: 12    Spells: 8/8 levels left

rFire   + + .      SeeInvis .    a - +1 war axe
rCold   + . .      Faith    .    K - -1 buckler "Otoxzowyac" {rF+ Slay+3}
rNeg    . . .      Spirit   .    A - melded +3 leather armour {rF+}
rPois   +          Reflect  .    c - melded +0 helmet
rElec   +          Rampage  .    B - melded +0 cloak
rCorr   +          NoTele   +    (gloves currently unavailable)
Will    +....                    I - melded +2 pair of boots
Stlth   +                        (no amulet)
HPRegen 0.39/turn                n - ring of flight
MPRegen 0.11/turn                p - ring of willpower

@: mighty, tree-form, resistant, gold aura
A: stationary, stasis, torment immunity, boosted hp
a: Renounce Religion, Potion Petition, Call Merchant, Bribe Branch


You were on level 9 of the Dungeon.
You worshipped Gozag.
Gozag was noncommittal.
You were a tree.
You visited 2 branches of the dungeon, and saw 10 of its levels.

You collected 1232 gold pieces.
You spent 253 gold pieces at shops.
You paid 941 gold pieces to Gozag.

Inventory:

Hand Weapons
 a - a +1 war axe (weapon)
 b - a +0 sling
 w - a +2 whip of electrocution
Missiles
 k - 11 poisoned darts (quivered)
 y - a javelin
Armour
 c - a +0 helmet (melded)
 A - a +3 leather armour of fire resistance (melded)
 B - a +0 cloak (melded)
 I - a +2 pair of boots (melded)
 K - the -1 buckler "Otoxzowyac" (worn) {rF+ Slay+3}
   (You acquired it on level 7 of the Dungeon)

   Slay:      It affects your accuracy & damage with ranged weapons and melee
   (+3).
   rF:        It protects you from fire.
Jewellery
 l - a ring of fire
 n - a ring of flight (left branch)
 p - a ring of willpower (right branch)
 J - a ring of protection from cold
Wands
 i - a wand of paralysis (8)
 z - a wand of flame (32)
Scrolls
 q - a scroll of torment
Potions
 e - a potion of mutation {unknown}
 f - 3 potions of attraction
 j - a potion of ambrosia {unknown}
 m - a potion of cancellation
 o - a potion of lignification
 s - a potion of degeneration {unknown}
 t - a potion of might {unknown}
 F - a potion of invisibility {unknown}
 G - a potion of brilliance {unknown}


   Skills:
 + Level 7.3 Fighting
 + Level 12.3 Axes
 - Level 1.7 Throwing
 - Level 6.0 Armour
 - Level 2.4 Dodging
 * Level 2.2 Shields


You had 8 spell levels left.
You didn't know any spells.
Your spell library contained the following spells:

 Spells                   Type           Power      Damage    Failure   Level
 Sting                    Tmut/Pois      0%         1d3       50%         1
 Blink                    Tloc           0%         N/A       65%         2
 Ensorcelled Hibernation  Hex/Ice        0%         N/A       65%         2
 Passwall                 Tmut/Erth      0%         N/A       65%         2
 Poisonous Vapours        Pois/Air       0%         N/A       65%         2
 Mephitic Cloud           Conj/Pois/Air  0%         N/A       86%         3
 Swiftness                Air            0%         N/A       86%         3
 Manifold Assault         Tloc           0%         N/A       99%         4
 Olgreb's Toxic Radiance  Pois           0%         N/A       99%         4
 Freezing Cloud           Conj/Ice/Air   0%         6-21      100%        5
 Storm Form               Tmut/Air       0%         N/A       100%        7


Dungeon Overview and Level Annotations

Branches:
Dungeon (10/15)            Temple (1/1) D:4            Lair (0/5) D:9
    Orc: D:9-12

Altars:
Ashenzari
Dithmenos
Elyvilon
Fedhas
Gozag
Kikubaaqudgha
Makhleb
Nemelex Xobeh
Okawaru
Ru
Sif Muna
Trog
Uskayaw
Vehumet
Wu Jian
Xom
Yredelemnul

Shops:
D:1 [=*?*   D:2 ?   D:5 (

Annotations:
D:3 2 exclusions
D:4 3 runed translucent doors, exclusion: 3 doors, Winter's ghost, amateur MiHu
D:10 Fannar; Urug


Message History

The killer bee poisons you!
You slash the killer bee!
The killer bee is almost dead.
The helpless yak fails to defend itself.
You slash the yak! You barely miss the yak. You slice the yak!!
You slash the killer bee!
You feel sick.
The killer bee stings you but does no damage. x2
You block the yak's attack. The yak gores you but does no damage.
The killer bee stings you.
* * * LOW HITPOINT WARNING * * *
The killer bee stings you but does no damage.
You feel better.
The killer bee stings you but does no damage. x2
The yak gores you.
* * * LOW HITPOINT WARNING * * *
The yak gores you but does no damage.
The killer bee stings you but does no damage.
You block the killer bee's attack.
You miss the killer bee.
The killer bee is almost dead.
You slash the killer bee!
You kill the killer bee!
The helpless yak fails to defend itself.
You slash the yak! x3
The killer bee stings you but does no damage.
The yak gores you!
* * * LOW HITPOINT WARNING * * *
The yak is distracted by your dazzling golden aura.
The kobold brigand is distracted by your dazzling golden aura.
The killer bee stings you!
* * * LOW HITPOINT WARNING * * *
The killer bee stings you but does no damage.
The yak bellows!
It was a potion of magic.
Magic courses through your body.
The killer bee stings you but does no damage. x2
The yak gores you but does no damage.
The killer bee stings you but does no damage.
The killer bee stings you.
You die...
Your body crumbles into a pile of gold.

#......... ###..........
#............
#............
.#####............
.....[............
........Eyl.......
.............○EyYYY.....
..........°°Kcy♣YY.....
c.........eh#######...
...........# ..........#
#####.........#
....#........>#
##..#.........##
#..#.#####....# #..#.#
#....#


You could see a deep elf pyromancer, 5 yaks, a raiju shaped shifter, 2 fire
elementals, a kobold brigand, a centaur, an iguana and 3 killer bees.

Vanquished Creatures
  A wyvern (D:9)
  A water moccasin (D:6)
  3 ice beasts
  3 black bears
  2 ogres (D:5)
  3 centaurs
  2 phantoms
  A kobold brigand (D:5)
  Blork the orc (D:5)
  A bullfrog (D:9)
  3 scorpions
  A killer bee (D:9)
  2 hounds (D:5)
  A jelly (D:4)
  2 gnoll boudas
  Crazy Yiuf (D:5)
  Ijyb (D:3)
  A sleepcap (D:6)
  2 iguanas
  3 orc wizards
  7 adders
  8 gnolls
  2 worms (D:4)
  A dart slug (D:1)
  11 orcs
  6 bats
  8 endoplasms
  4 giant cockroaches
  14 goblins
  5 hobgoblins
  5 jackals
  11 kobolds
  3 quokkas
  11 ball pythons
  2 frilled lizards
  4 rats
137 creatures vanquished.

Vanquished Creatures (others)
  A goblin (D:3)
  9 fungi
  10 plants (D:9)
20 creatures vanquished.

Grand Total: 157 creatures vanquished

Notes
Turn   | Place    | Note
-------+----------+-------------------------------------------
     0 | D:1      | givingin the Hill Orc Gladiator began the quest for the
                  | Orb.
     0 | D:1      | Reached XP level 1. HP: 18/18 MP: 1/1
   107 | D:1      | Reached XP level 2. HP: 25/25 MP: 2/2
   150 | D:1      | Reached skill level 5 in Axes
   230 | D:1      | Found Diplaw's General Store.
   231 | D:1      | Found Yshref's Magic Scroll Boutique.
   269 | D:1      | Reached XP level 3. HP: 27/30 MP: 3/3
   356 | D:1      | Found Xuuhoz's Jewellery Shoppe.
   387 | D:1      | Found Dapt's Armour Boutique.
   445 | D:1      | Found Waedeok's Assorted Antiques.
   467 | D:1      | Bought a scroll labelled JUSTERUFIA for 17 gold pieces
   467 | D:1      | Bought a scroll labelled OSHYIMYAFO for 17 gold pieces
   467 | D:1      | Bought a black potion for 15 gold pieces
   614 | D:2      | Reached skill level 6 in Axes
   782 | D:2      | Found Qech's Magic Scroll Shop.
   912 | D:1      | Bought a wooden wand for 68 gold pieces
  1053 | D:2      | Found a faded altar of an unknown god.
  1439 | D:3      | Reached XP level 4. HP: 36/37 MP: 4/4
  1837 | D:3      | Reached skill level 7 in Axes
  1971 | D:3      | Reached XP level 5. HP: 40/42 MP: 5/5
  2012 | D:3      | Noticed Ijyb
  2177 | D:3      | Killed Ijyb
  2623 | D:4      | Noticed a phantom
  2676 | D:4      | Reached skill level 8 in Axes
  2712 | D:4      | Found a staircase to the Ecumenical Temple.
  2714 | D:4      | Noticed a black bear
  2719 | Temple   | Entered the Ecumenical Temple
  2788 | Temple   | Became a worshipper of Gozag Ym Sagoz the Greedy
  2897 | D:4      | Reached XP level 6. HP: 30/50 MP: 6/6
  3052 | D:4      | Found a runed translucent gate.
  3053 | D:4      | Found a runed translucent gate.
  3053 | D:4      | Found a runed translucent gate.
  3055 | D:4      | Noticed Winter's ghost (amateur MiHu)
  3093 | D:4      | Reached skill level 9 in Axes
  3231 | D:2      | Bought a scroll of teleportation for 39 gold pieces
  3377 | D:4      | Killed a black bear
  3451 | D:4      | Noticed a black bear
  3471 | D:4      | Killed a black bear
  3472 | D:4      | Reached skill level 10 in Axes
  3472 | D:4      | Reached skill level 1 in Armour
  3472 | D:4      | Reached XP level 7. HP: 50/56 MP: 7/7
  3535 | D:4      | Found a shadowy altar of Dithmenos.
  3843 | D:2      | Bought a scroll of blinking for 97 gold pieces
  3904 | D:5      | Entered Level 5 of the Dungeon
  4014 | D:5      | Found Aheatt's Antique Weapon Boutique.
  4510 | D:5      | Reached XP level 8. HP: 49/67 MP: 8/8
  4683 | D:5      | Reached skill level 5 in Fighting
  4683 | D:5      | Reached skill level 11 in Axes
  4983 | D:5      | Noticed Blork the orc
  5188 | D:5      | Killed Blork the orc
  5293 | D:5      | Found a runed translucent door.
  5294 | D:5      | Noticed Crazy Yiuf
  5546 | D:5      | Killed Crazy Yiuf
  5605 | D:6      | Reached skill level 5 in Armour
  5849 | D:5      | Reached XP level 9. HP: 78/78 MP: 9/9
  5920 | D:6      | Reached skill level 12 in Axes
  6487 | D:7      | Identified 2 scrolls of acquirement
  6487 | D:7      | Acquired the -1 buckler "Otoxzowyac" {rF+ Slay+3}
  6547 | D:7      | Acquired 332 gold pieces
  6567 | D:7      | You are sucked into a shaft and drop 3 floors!
  6567 | D:10     | Entered Level 10 of the Dungeon
  6578 | D:10     | Found a hide-covered altar of Uskayaw.
  6656 | D:10     | Noticed Fannar
  6678 | D:10     | Found a shimmering blue altar of Sif Muna.
  6678 | D:10     | Noticed Urug
  6683 | D:10     | Found an iron altar of Okawaru.
  6683 | D:10     | Noticed a troll
  6812 | D:9      | Reached skill level 1 in Shields
  6822 | D:9      | Found a staircase to the Lair.
  6832 | D:9      | Noticed a deep elf pyromancer
  6869 | D:9      | Noticed a troll
  6887 | D:10     | Noticed a hornet
  6901 | D:9      | a troll changed into a raiju
  6909 | D:9      | HP: 4/118 [killer bee (7)]
  6910 | D:9      | Slain by a killer bee

Illustrated notes

Levels and vault maps discovered:
D:1:      matt_arrival_refuge, layout_rooms, serial_shops,
          nicolae_shop_statue_plus, shop, shop, nicolae_shop_trees, shop
D:2:      layout_loops_ring, serial_shops, shop_coins,
          ebering_ecumenical_altar_abandoned
D:3:      kennysheep_goblin_castle, layout_loops_ring, uniq_ijyb
D:4:      layout_cave_pools, kennysheep_mini, minmay_temple_entry_junction,
          gammafunk_ghost_split
D:5:      layout_rooms, serial_shops, nicolae_shop_overgrown_old_shop,
          grunt_decor_fettered, amcnicky_mini_pool_medium, uniq_blork_the_orc,
          uniq_crazy_yiuf_cottage
D:6:      layout_cave_pools
D:7:      layout_basic, nicolae_ossuary_entry_plus
D:9:      layout_irregular_city, zin_academy, minmay_lair_entry_grove,
          ebering_ghost_xom, minmay_the_grid_2x2
          [minmay_the_grid_zigzag_pyramid, minmay_the_grid_square_x,
          minmay_the_grid_tri_star, minmay_the_grid_prize_shrinking_boxes],
          uniq_amaemon
D:10:     layout_small_grid, slow_altar_2, eat_drink_and_be_merry_uskayaw,
          mainiacjoe_overflow_divided_tiny, amcnicky_altar_gilded, led_sif_book,
          serial_shops, nicolae_lakefront_shop, uniq_fannar, uniq_urug
Temple:   cyrus_circular_temple

Skill      XL: |  1  2  3  4  5  6  7  8  9 |
---------------+----------------------------+-----
Axes           | 5 6 7 8 10 11 12 | 12.3
Armour         | 1 3 5 6 |  6.0
Fighting       | 4 6 7 |  7.3
Shields        | 2 |  2.2
Throwing       | |  1.7
Dodging        | |  2.4

Action                     |  1- 3 |  4- 6 |  7- 9 || total
---------------------------+-------+-------+-------++-------
  Melee: War axe           |    88 |   159 |   198 ||   445
         Whip              |       |       |    13 ||    13
         Punch             |       |       |     3 ||     3
   Fire: Sling             |    55 |    38 |    42 ||   135
  Throw: Javelin           |     1 |     1 |     1 ||     3
         Throwing net      |       |     1 |     2 ||     3
 Invoke: Potion Petition   |       |       |     2 ||     2
  Evoke: Wand              |       |     2 |     5 ||     7
    Use: Scroll            |     3 |       |    15 ||    18
         Potion            |       |     1 |    12 ||    13
   Stab: Paralysed         |       |       |     2 ||     2
 Armour: Leather armour    |    47 |    61 |    93 ||   201
         Skin              |       |       |    34 ||    34
  Dodge: Dodged            |   106 |   111 |   181 ||   398
  Block: Buckler           |       |       |     8 ||     8

Table legend: (Time is in decaauts)
 A = Elapsed time spent in this place.
 B = Non-inter-level travel time spent in this place.
 C = Inter-level travel time spent in this place.
 D = Time resting spent in this place.
 E = Time spent auto-exploring this place.
 F = Levels seen in this place.
 G = Mean time per level.
                   A        B        C        D        E       F      G
               +--------+--------+--------+--------+--------+-----+--------+
         Total |   6925 |   6275 |    650 |    422 |   3919 |  10 |  692.5 |
       Dungeon |   6848 |   6228 |    620 |    422 |   3884 |   9 |  760.9 |
        Temple |     76 |     46 |     30 |      0 |     35 |   1 |   76.0 |
               +--------+--------+--------+--------+--------+-----+--------+

Top non-repeatable levels by time:
     D:5: 1479 daAuts
     D:3: 1429 daAuts
     D:4: 1248 daAuts
     D:2: 850 daAuts
     D:6: 840 daAuts
     D:1: 665 daAuts
    D:10: 216 daAuts
     D:9: 84 daAuts
  Temple: 76 daAuts
     D:7: 33 daAuts
